[Event "Late-Titled-Tuesday-Blitz-June-25-2024"]
[Site "Chess.com"]
[Date "2024.06.25"]
[Round "5"]
[White "IsaacWiebe"]
[Black "koncheto"]
[Result "0-1"]
[WhiteElo "2366"]
[BlackElo "2578"]
[TimeControl "180+1"]
[EndTime "14:54:58 PDT"]
[Termination "koncheto won on time"]

1. e4 c5 2. Nf3 d6 3. d4 cxd4 4. Nxd4 Nf6 5. Nc3 Nc6 6. Bc4 e6 7. Bb3 a6 8. Be3 Qc7 9. Qe2 b5 10. a3 Bb7 11. f3 Be7 12. O-O O-O 13. Rad1 Rfd8 14. Qf2 Rac8 15. Nxc6 Qxc6 16. Rd2 Nd7 17. Rfd1 Nc5 18. Ba2 a5 19. Ne2 b4 20. Nd4 Qa6 21. axb4 axb4 22. Bb1 Qa1 23. Nb5 Qa6 24. c4 bxc3 25.
Nxc3 Nb3 26. Re2 Bf6 27. Rc2 h6 28. Na2 Nc5 29. Nb4 Qb5 30. Bd2 Nb3 31. Rxc8 Rxc8 32. Nd3 Bd4 33. Be3 e5 34. Bxd4 Nxd4 35. Ne1 Ba6 36.
Bd3 Qb6 37. Kh1 Bxd3 38. Nxd3 Rc2 39. Qg3 Ne2 40. Qg4 Qd8 41. h4 Nd4 42. Nb4 Rxb2 43. Nd5 Ne2 0-1

[Event "Late-Titled-Tuesday-Blitz-June-25-2024"]
[Site "Chess.com"]
[Date "2024.06.25"]
[Round "5"]
[White "MoldyTofu"]
[Black "maracayo"]
[Result "1/2-1/2"]
[WhiteElo "2043"]
[BlackElo "2389"]
[TimeControl "180+1"]
[EndTime "14:54:58 PDT"]
[Termination "Game drawn by repetition"]

1. b3 d6 2. Bb2 e5 3. e3 Nf6 4. d4 exd4 5. exd4 Be7 6. Nf3 O-O 7. Bd3 d5 8. h3 Re8 9. O-O Nbd7 10. Re1 b6 11. Nbd2 Bb7 12. Ne5 c5 13. Ndf3 Ne4 14.
c4 Nxe5 15. Nxe5 Bh4 16. Bxe4 dxe4 17. dxc5 bxc5 18. Qh5 Qf6 19. Re2 g6 20. Qg4 Bc8 21. Qxe4 Bf5 22. Qf4 Bg5 23. Qg3 Rad8 24. Rae1 Bh4 25.
Qc3 Rd4 26. Ng4 Rxe2 27. Nxf6+ Bxf6 28. Rxe2 Rd1+ 29. Re1 Bxc3 30. Bxc3 Rxe1+ 31. Bxe1 Bb1 32. a4 Ba2 33. b4 Bxc4 34. bxc5 Kf8 35. a5 Ke7 36.
Bb4 Kd7 37. f3 Kc6 38. Kf2 Kb5 39. Bd2 Kxc5 40. Ke3 Kb5 41. Kf4 Be6 42. Kg5 h5 43. Kf6 a6 44. f4 Kc4 45. g4 hxg4 46. hxg4 Bxg4 47. Kg5 Bf5 48. Kf6 Kd5 49. Be3 Ke4 50. Bc1 Kf3 51. Bd2 Ke2 52. Bc1 Kd3 53. Kg5 Be6 54.
Kf6 Ke4 55. Kg5 Kd5 56. Kf6 Ke4 57. Kg5 Kd5 58. Kf6 Ke4 1/2-1/2

[Event "Late-Titled-Tuesday-Blitz-June-25-2024"]
[Site "Chess.com"]
[Date "2024.06.25"]
[Round "5"]
[White "Flawless_Fighter"]
[Black "FLYD"]
[Result "1-0"]
[WhiteElo "2776"]
[BlackElo "2152"]
[TimeControl "180+1"]
[EndTime "14:55:00 PDT"]
[Termination "Flawless_Fighter won by checkmate"]

1. d4 Nf6 2. Nf3 e6 3. g3 d5 4. Bg2 Be7 5. O-O O-O 6. c4 dxc4 7. Qc2 a6 8. a4 Bd7 9. Nbd2 Bc6 10. Nxc4 Be4 11. Qd1 Nc6 12. e3 Qd5 13. Ncd2 Rfd8 14. Nxe4 Nxe4 15. Nd2 f5 16. Nxe4 fxe4 17. Qg4 Qf5 18.
Qxe4 Nb4 19. Bd2 Nd3 20. Bc3 Rab8 21. Rad1 Nb4 22. Rc1 Nd5 23. Bd2 Nf6 24. Qxf5 exf5 25. Rxc7 Bd6 26. Rxb7 Rxb7 27. Bxb7 Rb8 28. Bxa6 Rxb2 29. Bc3 Rc2 30. Ba5 Kf8 31. Bd3 Ra2 32. Bxf5 Rxa4 33. Bd2 g6 34. Bd3 Ra2 35. Rd1 Ke7 36. Kg2 g5 37. h3 h5 38. e4 Bb8 39.
e5 Nd5 40. Bc4 Rb2 41. Bxd5 g4 42. hxg4 hxg4 43. Be3 Bd6 44. exd6+ Kxd6 45. Be4 Ra2 46. Rb1 Ke6 47. Rb6+ Ke7 48. Bg5+ Kf8 49. d5 Ke8 50.
Rb7 Kf8 51. d6 Ra6 52. d7 Rd6 53. d8=Q+ Rxd8 54. Bxd8 Ke8 55. Bf6 Kf8 56. Bg6 Kg8 57.
Rb8# 1-0

[Event "Late-Titled-Tuesday-Blitz-June-25-2024"]
[Site "Chess.com"]
[Date "2024.06.25"]
[Round "5"]
[White "DmitriiZakurdaev"]
[Black "jens1102"]
[Result "1-0"]
[WhiteElo "2421"]
[BlackElo "2594"]
[TimeControl "180+1"]
[EndTime "14:55:03 PDT"]
[Termination "DmitriiZakurdaev won by checkmate"]

1. d4 Nf6 2. c4 b6 3. Nc3 Bb7 4. Nf3 e6 5. a3 d5 6. e3 Be7 7. b3 O-O 8. Bb2 Nbd7 9. Bd3 Ne4 10. O-O f5 11. b4 Bf6 12. Nd2 c5 13. Ne2 e5 14.
cxd5 Bxd5 15. dxc5 bxc5 16. Bxe4 fxe4 17. Nc3 Bb7 18.
Ndxe4 cxb4 19. axb4 Nb6 20. Qb3+ Kh8 21. Rfd1 Qe8 22. Nd6 Qe7 23. Nxb7 Qxb7 24. Nb5 Bh4 25. g3 Qf3 26. Rf1 Nd5 27. Bxe5 Rae8 28. Bd6 Bg5 29. Nd4 Qe4 30. Bxf8 Nxe3 31. f3 Qxd4 32. Bc5 Qf6 33. Bxe3 Bxe3+ 34. Kg2 h5 35. Rae1 Qd4 36. Re2 h4 37.
Rfe1 h3+ 38. Kxh3 Re5 39. Rxe3 Rh5+ 40. Kg2 Qd2+ 41. R1e2 Qc1 42. Re8+ Kh7 43. Qc2+ Qxc2 44. Rxc2 Rb5 45. Re4 a5 46. Rc5 axb4 47. Rxb5 Kh6 48.
Rbxb4 g6 49. Rb5 g5 50. Ree5 Kh5 51. Rxg5+ Kh6 52. Rgc5 Kg7 53. Rb6 Kf8 54. Rc7 Ke8 55.
Rb8# 1-0

[Event "Late-Titled-Tuesday-Blitz-June-25-2024"]
[Site "Chess.com"]
[Date "2024.06.25"]
[Round "5"]
[White "ninjatrick"]
[Black "NikitaShnadrygin"]
[Result "0-1"]
[WhiteElo "2501"]
[BlackElo "2739"]
[TimeControl "180+1"]
[EndTime "14:55:04 PDT"]
[Termination "NikitaShnadrygin won on time"]

1. Nf3 Nf6 2. e3 g6 3. b3 Bg7 4. Bb2 O-O 5. Be2 d5 6. O-O c5 7. c4 dxc4 8. Bxc4 Nc6 9. d4 Ne4 10. Nbd2 Bf5 11. Nxe4 Bxe4 12. Be2 Qa5 13. Nd2 Bf5 14.
Nc4 Qc7 15. Bf3 cxd4 16. exd4 Rfd8 17. d5 Bxb2 18. Nxb2 Ne5 19. Be2 Qa5 20. Bc4 b5 21.
Be2 Qa3 22. Qd2 e6 23. Bxb5 Rxd5 24. Qe2 Rxb5 25. Qxb5 Qxb2 26. Rad1 g5 27. Rfe1 Ng6 28. Re2 Qf6 29. h3 h5 30. Red2 Rf8 31. Qc5 g4 32.
hxg4 Bxg4 33. f3 Bf5 34. Qxa7 h4 35. Qf2 Qg5 36. Rd4 Nf4 37. Kf1 e5 38. Rd6 h3 39.
g4 Bg6 40. Qg3 Rc8 41. R6d2 Kg7 42. Kg1 Rc3 43. b4 e4 44. Qf2 e3 45. Qe1 exd2 46. Qxd2 Rxf3 47. Qd4+ Kh7 48. Kh2 Qxg4 0-1

[Event "Late-Titled-Tuesday-Blitz-June-25-2024"]
[Site "Chess.com"]
[Date "2024.06.25"]
[Round "5"]
[White "rychessmaster1"]
[Black "Gangster-accountant01"]
[Result "0-1"]
[WhiteElo "2783"]
[BlackElo "2582"]
[TimeControl "180+1"]
[EndTime "14:55:06 PDT"]
[Termination "Gangster-accountant01 won by resignation"]

1. d4 d5 2. c4 dxc4 3. Nf3 Nf6 4. e3 e6 5. Bxc4 a6 6. O-O Be7 7. Re1 O-O 8. b3 c5 9. Bb2 cxd4 10. Nxd4 b5 11.
Be2 Bb7 12. Nd2 Nbd7 13. Rc1 Qb6 14. Bf3 Rac8 15. Qe2 Bb4 16. Red1 Rfd8 17. h3 Bd6 18.
Bxb7 Qxb7 19. N2f3 Rxc1 20. Rxc1 Rc8 21. Qe1 h6 22.
Rxc8+ Qxc8 23. Qa5 Nd5 24. Ba3 b4 25. Bb2 Nc5 26.
e4 Nxe4 27. Qa4 Nec3 28. Qc6 Qxc6 29. Nxc6 Nxa2 30. Nd2 Nac3 31. Nc4 Bf8 32. Kf1 Bc5 33. Ke1 Nf4 34. g3 Nd3+ 35. Kd2 Nxb2 36. Nxb2 Ne4+ 37. Kd3 Nxf2+ 38. Kc4 Bd6 39. g4 Nxh3 40. Nd3 f5 41. gxf5 exf5 42. Kd5 Bf8 43. Ke5 f4 44. Ke4 g5 45. Kf3 Ng1+ 46. Kf2 Nh3+ 47. Kf3 h5 48. Nb8 g4+ 49. Kg2 f3+ 50. Kf1 g3 51. Ne1 g2+ 52.
Nxg2 fxg2+ 53. Kxg2 Nf4+ 54. Kf3 Ne6 55. Nxa6 Nd4+ 56.
Ke4 Nxb3 57. Kf5 Nd4+ 58. Kg5 b3 0-1

[Event "Late-Titled-Tuesday-Blitz-June-25-2024"]
[Site "Chess.com"]
[Date "2024.06.25"]
[Round "5"]
[White "WilsonPalencia21"]
[Black "Bkmzzzzz"]
[Result "1-0"]
[WhiteElo "2600"]
[BlackElo "2401"]
[TimeControl "180+1"]
[EndTime "14:55:07 PDT"]
[Termination "WilsonPalencia21 won by resignation"]

1. d4 d5 2. c4 dxc4 3. Nf3 a6 4. e3 Nf6 5. Bxc4 e6 6. O-O c5 7. dxc5 Bxc5 8. Qxd8+ Kxd8 9. Nbd2 b5 10. Be2 Bb7 11. Nb3 Bd6 12. Bd2 Ke7 13. Na5 Bd5 14. a4 b4 15. Rfc1 Ne4 16. Be1 Nd7 17. Nd4 Nb8 18.
f3 Nf6 19. e4 Nxe4 20. fxe4 Bxe4 21. Bf3 Bxf3 22. gxf3 Kd7 23. Nb7 Be5 24. Bf2 Rc8 25.
Nc5+ Ke7 26. Nd3 Rxc1+ 27. Rxc1 Bd6 28. Nc6+ Nxc6 29. Rxc6 a5 30. Bc5 Bxc5+ 31. Rxc5 Rd8 32. Ne5 Rd1+ 33. Kg2 Rd2+ 34. Kg3 Rxb2 35. Rxa5 Kf6 36. Nd3 Rb3 37. Nc5 Ra3 38. Rb5 h5 39. h4 Kg6 40.
Rxb4 e5 41. Rb6+ Kf5 42. Rb5 f6 43. a5 g5 44. hxg5 fxg5 45. Nb3 h4+ 46. Kh3 Kf4 47. Nd2 Ra2 48. Rd5 Ke3 49. Nc4+ Kxf3 50. Nxe5+ Ke4 51. Rb5 Ra3+ 52. Kh2 Ra2+ 53. Kg1 Kf4 54. Nd3+ Kg3 55. Rxg5+ Kf3 56. Ne1+ Ke2 57. Re5+ Kd1 58. Nf3 h3 59. Re1+ Kc2 60. Re2+ Kb3 61. Rxa2 1-0

[Event "Late-Titled-Tuesday-Blitz-June-25-2024"]
[Site "Chess.com"]
[Date "2024.06.25"]
[Round "5"]
[White "DucksParadise"]
[Black "rionelG"]
[Result "0-1"]
[WhiteElo "2579"]
[BlackElo "2381"]
[TimeControl "180+1"]
[EndTime "14:55:07 PDT"]
[Termination "rionelG won on time"]

1. f4 Nf6 2. Nf3 g6 3. g3 Bg7 4.
Bg2 O-O 5. O-O d6 6. d3 e5 7.
e4 c6 8. Kh1 Nbd7 9. Nc3 b5 10.
a4 b4 11. Ne2 a5 12. Be3 Bb7 13. fxe5 Nxe5 14. Nxe5 dxe5 15. b3 Qd6 16. Ng1 c5 17.
Nf3 Nd7 18. Nd2 Nb8 19. Nc4 Qe7 20. Qf3 Nc6 21. Nb6 Rad8 22. Nd5 Qe6 23. Qf2 Nd4 24. h4 f5 25. Qd2 f4 26. gxf4 Bxd5 27. exd5 Qg4 28. f5 Qxh4+ 29. Kg1 Rxf5 30. Rxf5 gxf5 31. Rf1 Rf8 32. Bxd4 cxd4 33. Qf2 Qxf2+ 34. Rxf2 Bh6 35. Kf1 Be3 36. Rf3 Kg7 37. Bh3 Kg6 38. d6 Bf4 39.
Rf2 Rd8 40. Rg2+ Kf6 41. d7 Rxd7 42. Rg8 Rg7 43. Rxg7 Kxg7 44. Bxf5 h5 0-1

[Event "Late-Titled-Tuesday-Blitz-June-25-2024"]
[Site "Chess.com"]
[Date "2024.06.25"]
[Round "5"]
[White "WPWPWP-2015"]
[Black "nitpicker"]
[Result "0-1"]
[WhiteElo "2542"]
[BlackElo "2350"]
[TimeControl "180+1"]
[EndTime "14:55:08 PDT"]
[Termination "nitpicker won on time"]

1. e4 c5 2. Nf3 Nc6 3. Bb5 Nf6 4. Nc3 g6 5. O-O Bg7 6. Re1 O-O 7. h3 d6 8. a3 Bd7 9. d3 a6 10. Bc4 b5 11. Ba2 Rc8 12. Bg5 h6 13. Be3 e6 14. Qd2 Kh7 15. Rab1 Qc7 16. Ne2 Ng8 17.
Nf4 Rce8 18. c3 f5 19. exf5 exf5 20. Nd5 Qd8 21. d4 c4 22. h4 Nf6 23. Nxf6+ Qxf6 24. Bf4 Re4 25. Rbd1 Rfe8 26. Bb1 R4e7 27. Bc2 Nd8 28.
Rxe7 Rxe7 29. d5 Nf7 30. Re1 Ne5 31. Ng5+ hxg5 32. Bxg5 Qf7 33. Bxe7 Qxe7 34. f4 Qxh4 35. Re3 Kg8 36. Rh3 Qf6 37. fxe5 Qxe5 38. Re3 Qf6 39. Qe2 Qh4 40. Qe1 Qh5 41. Bd1 Qg5 42. Re7 Be5 43. Rxd7 Qh6 44. Re7 Qh2+ 45. Kf1 Qh1+ 46.
Kf2 Qh4+ 47. Ke2 Qe4+ 48. Kd2 Qd3+ 0-1

[Event "Late-Titled-Tuesday-Blitz-June-25-2024"]
[Site "Chess.com"]
[Date "2024.06.25"]
[Round "5"]
[White "simaopdias"]
[Black "medinapazmiguel1968"]
[Result "0-1"]
[WhiteElo "2232"]
[BlackElo "2459"]
[TimeControl "180+1"]
[EndTime "14:55:08 PDT"]
[Termination "medinapazmiguel1968 won by checkmate"]

1. e4 c5 2. Nf3 Nc6 3. d4 cxd4 4. Nxd4 g6 5. Nxc6 bxc6 6. Qd4 Nf6 7. e5 Ng8 8. e6 Nf6 9. exf7+ Kxf7 10. Bc4+ d5 11.
O-O e5 12. Qd1 Bd6 13. Be2 Kg7 14. Bg5 h6 15. Bh4 g5 16. Bg3 Rf8 17. f3 Qb6+ 18. Kh1 Qxb2 19. Nd2 Qb7 20. c4 Qe7 21. cxd5 cxd5 22.
Nb3 a5 23. Rc1 a4 24. Nd2 Ba6 25. Bxa6 Rxa6 26. Re1 Re8 27. Nb1 Ra5 28. Nc3 Rc5 29. Nxa4 Rxc1 30. Qxc1 Qd7 31. Nb6 Qb7 32. Bf2 d4 33.
Nc4 Qc6 34. Nxd6 Qxd6 35. a4 Ra8 36. Qc4 Ra7 37. Bg3 Re7 38. Qb5 Nd7 39. a5 Re6 40. h4 Kg6 41. hxg5 hxg5 42. Kg1 d3 43. Qc4 Qc5+ 44. Qxc5 Nxc5 45. Rd1 Ra6 46. Bxe5 Rxa5 47. Bd4 Ne6 48. Be3 Rd5 49. Rd2 Kf5 50. Kf2 Nd8 51. g4+ Kg6 52. Bb6 Ne6 53. Ke3 Nf4 54. Bc7 Ne6 55.
Bg3 Nc5 56. Bf2 Nb3 57. Rxd3 Re5# 0-1

[Event "Late-Titled-Tuesday-Blitz-June-25-2024"]
[Site "Chess.com"]
[Date "2024.06.25"]
[Round "5"]
[White "ChristopherYoo"]
[Black "AlexeiShirov"]
[Result "1-0"]
[WhiteElo "3036"]
[BlackElo "2871"]
[TimeControl "180+1"]
[EndTime "14:55:11 PDT"]
[Termination "ChristopherYoo won on time"]

1. d4 d5 2. Nf3 Nf6 3. Bf4 c5 4. e3 Nc6 5. Nbd2 Qb6 6. dxc5 Qxb2 7. c4 Bf5 8. g4 g5 9. Bxg5 Nxg4 10. cxd5 Nb4 11. Bb5+ Kd8 12. O-O Rg8 13. Kh1 Nd3 14. Bxd3 Bxd3 15. Qa4 Bxf1 16. Rxf1 Ne5 17. Qe4 f6 18.
Bf4 Nxf3 19. Nxf3 Qe2 20. Rg1 Rxg1+ 21. Kxg1 Rc8 22. c6 bxc6 23. dxc6 Qd1+ 24. Kg2 e5 25. Bg3 Qd6 26. Qxh7 Qxc6 27. Qxa7 Bc5 28. Qf7 Be7 29. h4 Kd7 30. h5 Qe6 31. Qg6 Rg8 32. Qd3+ Ke8 33.
h6 e4 34. Qb5+ Kf8 35. Nd4 Qg4 36. Qd5 Qg6 37. Ne6+ Ke8 38. Nf4 Qh7 39. Qc6+ Kf7 40. Qe6+ Kf8 41. Nd5 Rg6 42. Qc8+ Kf7 43. Nc7 Rg8 44.
Qe6+ Kf8 45. Qd5 Qxh6 46. Ne6+ Ke8 47. Qb5+ Kf7 48. Qc4 Ke8 49. Nc7+ Kf8 50. Ne6+ Ke8 51. Qa4+ Kf7 52. Qb3 Ke8 53. Nf4 1-0

[Event "Late-Titled-Tuesday-Blitz-June-25-2024"]
[Site "Chess.com"]
[Date "2024.06.25"]
[Round "5"]
[White "Crazy_girl99"]
[Black "JackRodgers"]
[Result "1-0"]
[WhiteElo "2704"]
[BlackElo "2524"]
[TimeControl "180+1"]
[EndTime "14:55:12 PDT"]
[Termination "Crazy_girl99 won by resignation"]

1. e4 c5 2. Nf3 g6 3. d4 cxd4 4. Nxd4 Bg7 5. c4 Nc6 6. Nc2 Nf6 7. Nc3 d6 8. Be2 O-O 9. O-O Bd7 10. Be3 Rc8 11. Rc1 Ne5 12. b3 a6 13. Nd4 Nc6 14. h3 Nxd4 15. Bxd4 Bc6 16. Qd3 Qa5 17. Rfd1 b5 18. Nd5 Bxd5 19. cxd5 Nd7 20. Bxg7 Kxg7 21. Qd4+ Kg8 22. Rxc8 Rxc8 23. Bg4 Qc7 24. h4 h5 25. Bh3 Rb8 26. Rd3 b4 27. Rg3 Qc1+ 28. Kh2 Ne5 29.
Qa7 Re8 30. Qxa6 Qf4 31. Qe2 Qxh4 32. Kg1 Qf4 33. Re3 h4 34. Qb5 Ra8 35. Re2 Qc1+ 36.
Kh2 Qf4+ 37. Kg1 g5 38. Bf5 Qc1+ 39. Kh2 Qf4+ 40. Kg1 g4 41. Qxb4 h3 42. Qc3 hxg2 43.
Qg3 Qc1+ 44. Kxg2 Qg5 45. a4 Kg7 46. Re3 Rh8 47. Kf1 Rh3 48. Qg1 Qf4 49. Rxh3 Qc1+ 50. Kg2 gxh3+ 51. Bxh3 Kf6 52. Qxc1 1-0

[Event "Late-Titled-Tuesday-Blitz-June-25-2024"]
[Site "Chess.com"]
[Date "2024.06.25"]
[Round "5"]
[White "HalfIsCrayfish"]
[Black "VirtualCoach"]
[Result "1-0"]
[WhiteElo "2567"]
[BlackElo "2346"]
[TimeControl "180+1"]
[EndTime "14:55:12 PDT"]
[Termination "HalfIsCrayfish won on time"]

1. c3 c5 2. Na3 g6 3. Nc2 Bg7 4. d4 cxd4 5. cxd4 Nf6 6. g3 O-O 7.
Bg2 d5 8. Nf3 Nc6 9. O-O Bf5 10.
Bd2 Rc8 11. Nb4 Ne4 12. Nxc6 Rxc6 13. Ne5 Rb6 14. Ba5 f6 15. Nd3 Qd6 16. Bxb6 Qxb6 17. f3 Nd6 18. e3 Nc4 19. Qe2 e5 20. b3 Nd6 21. Nc5 Re8 22. Qf2 Qb4 23. f4 e4 24.
Rfc1 Bc8 25. Qe1 Qb6 26. a4 a5 27. Bf1 g5 28. Rab1 gxf4 29. gxf4 Kh8 30. Kh1 Bg4 31.
Be2 Bc8 32. b4 axb4 33. Qxb4 Qd8 34. Rg1 Rg8 35. Qd2 b6 36. Nb3 Qe8 37. a5 bxa5 38.
Nxa5 Qe6 39. Bg4 f5 40. Be2 Qh6 41. Rb6 Bf8 42. Rxg8+ Kxg8 43. Qe1 Qf6 44. Nb3 Qd8 45. Qa5 Qh4 46. Qd2 Qf2 47. Rc6 Nc4 48. Rxc4 dxc4 49.
Bxc4+ 1-0

[Event "Late-Titled-Tuesday-Blitz-June-25-2024"]
[Site "Chess.com"]
[Date "2024.06.25"]
[Round "5"]
[White "TheAlienParty"]
[Black "Patricius007"]
[Result "0-1"]
[WhiteElo "2346"]
[BlackElo "2576"]
[TimeControl "180+1"]
[EndTime "14:55:13 PDT"]
[Termination "Patricius007 won by checkmate"]

1. c4 e6 2. Nf3 d5 3. e3 c5 4. b3 Nf6 5. cxd5 exd5 6. Bb2 Be7 7. Bb5+ Nbd7 8. O-O O-O 9. d4 Ne4 10. Nc3 Ndf6 11. Qe2 Bg4 12. dxc5 Bxc5 13. Rfd1 Ng5 14. Rac1 a6 15. Bc4 Nxf3+ 16. gxf3 Be6 17. Kh1 Rc8 18. Nxd5 Nxd5 19. Bxd5 Bxd5 20. e4 Re8 21. Rc2 Qb6 22. Rxd5 Bf8 23. Bd4 Qg6 24. Bc5 Bxc5 25. Rdxc5 Rcd8 26.
Rc7 Qb6 27. Rc1 h6 28. Qe3 Qb5 29. Kg2 Rd3 30. Qc5 Qxc5 31. R1xc5 Rd2 32. Rc2 Rxc2 33. Rxc2 Re7 34. Kg3 g6 35. Kf4 Kg7 36. Ke3 Kf6 37. f4 g5 38. fxg5+ hxg5 39. Rc5 Kg6 40. Rf5 f6 41. Rd5 Rc7 42. Rd2 Rh7 43. f3 Rc7 44. Kd4 Rd7+ 45. Kc3 Rc7+ 46. Kb4 Kh5 47. a4 Re7 48.
Kc5 g4 49. fxg4+ Kxg4 50. Kb6 Kf4 51. Re2 f5 52. e5 Rxe5 53. Rxe5 Kxe5 54. Kxb7 f4 55.
Kxa6 f3 56. b4 f2 57. b5 f1=Q 58. a5 Kd6 59. Kb6 Qf2+ 60. Kb7 Qf7+ 61. Ka6 Kc5 62. b6 Kc6 63. h4 Qb7# 0-1

[Event "Late-Titled-Tuesday-Blitz-June-25-2024"]
[Site "Chess.com"]
[Date "2024.06.25"]
[Round "5"]
[White "Rsnr"]
[Black "Puzzlebot_1294"]
[Result "0-1"]
[WhiteElo "2844"]
[BlackElo "2649"]
[TimeControl "180+1"]
[EndTime "14:55:14 PDT"]
[Termination "Puzzlebot_1294 won by checkmate"]

1. d4 Nf6 2. c4 e6 3. Nf3 Bb4+ 4.
Nbd2 O-O 5. a3 Bxd2+ 6. Qxd2 b6 7. e3 Bb7 8. Be2 Ne4 9. Qc2 d6 10. b4 Nd7 11. O-O c5 12. Bb2 Qe7 13. Rfd1 Rfd8 14.
Ne1 f5 15. f3 Nef6 16. Nd3 Rac8 17. Rac1 Nf8 18. dxc5 dxc5 19. bxc5 bxc5 20. Qa4 Ba8 21. Qa5 N6d7 22. Nf4 Nb6 23. Qe1 e5 24. Nd5 Bxd5 25.
cxd5 c4 26. e4 fxe4 27. fxe4 Ng6 28. Bg4 Rc7 29. Be6+ Kh8 30. Qg3 Qd6 31. Bf5 Nf4 32.
Rc2 Na4 33. Ba1 Nd3 34. h4 Re8 35. h5 Nb6 36. Bc3 Rf7 37. Bg4 Qc5+ 38. Kh2 Qd6 39. Bf3 Qxa3 40. Bd2 Qd6 41. Be3 Ref8 42. h6 gxh6 43. Qh4 Rf6 44. Rg1 Nf4 45. Qf2 Ng6 46. Qe2 Nf4 47. Qd2 Nd3 48. Qe2 Nf4 49. Qd2 Rg8 50.
Bf2 Rfg6 51. g3 Qe7 52. gxf4 Rxg1 53. Bxg1 Qh4# 0-1

[Event "Late-Titled-Tuesday-Blitz-June-25-2024"]
[Site "Chess.com"]
[Date "2024.06.25"]
[Round "5"]
[White "wonderfultime"]
[Black "MarcoRiehle"]
[Result "1/2-1/2"]
[WhiteElo "3044"]
[BlackElo "2825"]
[TimeControl "180+1"]
[EndTime "14:55:15 PDT"]
[Termination "Game drawn - insufficient material"]

1. d4 d5 2. Nf3 e6 3. Bf4 Bd6 4.
e3 Nf6 5. Nbd2 O-O 6. Bd3 c5 7. c3 b6 8. Rg1 Ba6 9. Bxa6 Nxa6 10. Qe2 Nc7 11. Bg5 Re8 12. Ne5 Be7 13. Bxf6 Bxf6 14. f4 Qd6 15. Rf1 Bd8 16. Kf2 f6 17. Nef3 f5 18.
Kg1 Bf6 19. Kh1 Qd7 20. a4 Rac8 21. Rg1 Rf8 22. g4 fxg4 23. Rxg4 Ne8 24. Ne5 Qb7 25. Rag1 Nd6 26. Ndf3 Ne4 27. Qg2 Rc7 28. h4 cxd4 29. exd4 Bxe5 30. Nxe5 h5 31. Rg6 Rxf4 32. Qh2 Rf5 33.
Rxe6 Nf2+ 34. Kg2 Qc8 35. Rg6 Qf8 36. Rg5 Ng4 37. Nxg4 Rxg5 38. hxg5 hxg4 39. Rf1 Rf7 40. Rxf7 Qxf7 41. Qg3 Qf5 42. Qe3 Kh7 43. Kg3 Kg6 44.
b3 Qxg5 45. Qxg5+ Kxg5 46. c4 Kf5 47. a5 Ke4 48. axb6 axb6 49. c5 bxc5 50. dxc5 d4 51. c6 d3 52. c7 d2 53. c8=Q d1=Q 54. Qxg4+ Qxg4+ 55. Kxg4 Kd4 56. Kg5 Kc3 57. Kg6 Kxb3 58. Kxg7 1/2-1/2

[Event "Late-Titled-Tuesday-Blitz-June-25-2024"]
[Site "Chess.com"]
[Date "2024.06.25"]
[Round "5"]
[White "Pachonpower"]
[Black "Boundless_Strike"]
[Result "0-1"]
[WhiteElo "2462"]
[BlackElo "2728"]
[TimeControl "180+1"]
[EndTime "14:55:17 PDT"]
[Termination "Boundless_Strike won by resignation"]

1. d4 e5 2. dxe5 d6 3. Nf3 Bg4 4. exd6 Bxd6 5. Nbd2 Qe7 6. e3 Nc6 7. Be2 O-O-O 8. c3 Nf6 9. O-O h5 10. Qa4 Kb8 11. Re1 Ne5 12. Nxe5 Qxe5 13. Nf1 g5 14. f3 Bd7 15. Qb3 Bc6 16. Bc4 g4 17. f4 Qe4 18. Re2 h4 19. Bb5 Bxb5 20. Qxb5 a6 21. Qb3 Bc5 22. Rf2 Nd5 23. Qc2 Qe6 24. f5 Qe5 25. Bd2 g3 26. Rf3 gxh2+ 27. Kh1 Rhg8 28.
Nxh2 Rg3 29. Raf1 Rdg8 30. R1f2 h3 31. Rxg3 Qxg3 32. Kg1 Bd6 33. Nf3 h2+ 34. Nxh2 Qxh2+ 35. Kf1 Qh1+ 36. Ke2 Rxg2 37. Rxg2 Qxg2+ 38. Kd3 Nf6 39. Qa4 Qd5+ 40. Qd4 Qxf5+ 41. Kc4 Qe6+ 42. Kd3 b6 43. e4 Qd7 44. e5 Qf5+ 45. Kc4 Bxe5 46. Qd8+ Kb7 47. Be3 Qe6+ 48. Kb4 Qd6+ 49. Qxd6 Bxd6+ 50. Kb3 Nd5 51. Bd4 f5 52. Kc4 Kc6 53. b4 b5+ 54. Kd3 Nb6 55. Bf2 Nc4 56. a4 Be5 57. axb5+ axb5 58. Be1 Kd5 59. Bf2 c6 60. Be1 Bd6 61. Bf2 Be7 62. Bd4 Ne5+ 63. Ke3 Bg5+ 64. Kf2 Ke4 65. Bc5 Nd3+ 66. Ke2 Nxc5 67. bxc5 Kd5 0-1

[Event "Late-Titled-Tuesday-Blitz-June-25-2024"]
[Site "Chess.com"]
[Date "2024.06.25"]
[Round "5"]
[White "merinasian"]
[Black "smallbaba"]
[Result "0-1"]
[WhiteElo "2403"]
[BlackElo "2602"]
[TimeControl "180+1"]
[EndTime "14:55:17 PDT"]
[Termination "smallbaba won on time"]

1. d4 Nf6 2. Nf3 g6 3. Bf4 Bg7 4. e3 O-O 5. h3 d6 6. Be2 Nbd7 7. O-O Qe8 8. c4 e5 9. Bh2 Qe7 10. Nc3 Rd8 11. Re1 Nf8 12. b4 h5 13. Rc1 N8h7 14.
Qc2 e4 15. Nd2 Bf5 16. c5 Rac8 17. cxd6 cxd6 18. Qa4 a6 19. b5 axb5 20. Nxb5 Rxc1 21.
Rxc1 Nd5 22. Nc4 Qg5 23. Kh1 Bd7 24. Ncxd6 Bxb5 25. Qxb5 Bxd4 26. h4 Qxh4 27. Qxd5 Ng5 28. Qxd4 Qxf2 29. Qd2 Nf3 30. Nxe4 Rxd2 31. Nxf2 Nxh2 32.
Kxh2 Rxe2 33. Ne4 Rxa2 34. Rb1 Re2 35. Nf6+ Kg7 36. Nd5 Rd2 37. Nf4 h4 38. Rxb7 g5 39.
Nh5+ Kg6 40. Kh3 Kxh5 41. Rxf7 g4+ 42. Kh2 h3 43. Rh7+ Kg6 44. Re7 Rxg2+ 45. Kh1 Rg3 46. Re6+ Kg5 47. e4 Rf3 48. Re7 Kf4 49. Ra7 Kg3 50.
Ra1 Re3 51. Rg1+ Kh4 52. e5 Rxe5 53. Re1 Rxe1+ 54. Kh2 Re2+ 0-1

[Event "Late-Titled-Tuesday-Blitz-June-25-2024"]
[Site "Chess.com"]
[Date "2024.06.25"]
[Round "5"]
[White "Gabrielian_Artur"]
[Black "Tonychess32"]
[Result "1-0"]
[WhiteElo "2726"]
[BlackElo "2541"]
[TimeControl "180+1"]
[EndTime "14:55:21 PDT"]
[Termination "Gabrielian_Artur won on time"]

1. e4 e6 2. d4 d5 3. Nc3 dxe4 4. Nxe4 Nd7 5. Nf3 Ngf6 6. Bg5 Be7 7. Nxf6+ Bxf6 8.
Bxf6 Qxf6 9. Qd3 O-O 10. Qe4 c5 11. Bd3 g6 12. O-O-O cxd4 13. h4 Nc5 14. Qxd4 Qxd4 15.
Nxd4 e5 16. Nb5 Be6 17. Nc7 Nxd3+ 18. Rxd3 Bf5 19. Nxa8 Bxd3 20. cxd3 Rxa8 21. Kd2 Rc8 22. h5 Kg7 23. hxg6 hxg6 24. Rh4 f5 25. Ra4 a6 26.
Rb4 b5 27. a4 Rc5 28. axb5 axb5 29. Rh4 Kf6 30. Rh8 e4 31. dxe4 fxe4 32. Rb8 Kf5 33.
b3 Ke5 34. Rg8 Rc6 35. Rb8 Rc5 36. b4 Rd5+ 37. Kc3 Rd3+ 38. Kc2 Rd5 39. Rb6 g5 40. Kc3 Rd3+ 41. Kc2 Rd5 42. g3 Kf5 43. Rc6 Ke5 44. Rc8 Kd4 45. Kd2 g4 46. Rc7 Ke5+ 47. Ke2 Kd4 48. Rg7 Re5 49. Rxg4 Kc3 50. f3 exf3+ 51. Kxf3 Rd5 52. Rf4 Rd3+ 53. Kg2 Rd2+ 54. Kh3 Rd8 55. g4 Rc8 56. g5 Kd3 57. Kg4 Ke3 58. Rf5 Rc4+ 59.
Kh5 Rxb4 60. g6 Ke4 61. g7 Rb1 62. Rg5 Rh1+ 63. Kg6 1-0

[Event "Late-Titled-Tuesday-Blitz-June-25-2024"]
[Site "Chess.com"]
[Date "2024.06.25"]
[Round "5"]
[White "Queensandpawns"]
[Black "xasid81"]
[Result "0-1"]
[WhiteElo "2281"]
[BlackElo "2543"]
[TimeControl "180+1"]
[EndTime "14:55:21 PDT"]
[Termination "xasid81 won by checkmate"]

1. e4 d5 2. Nc3 dxe4 3. Nxe4 Nd7 4. Nf3 Ngf6 5. Neg5 h6 6. Nxf7 Kxf7 7. d4 e6 8. Bd3 Bd6 9. O-O Rf8 10. Re1 Kg8 11. Ne5 Bxe5 12. dxe5 Nd5 13. Qg4 Nc5 14. Bxh6 Qe7 15.
Bf1 Qf7 16. c4 Nb4 17. Be3 Ncd3 18. Re2 Nxe5 19. Qg3 Ng6 20. Bc5 Nc6 21. Bxf8 Nxf8 22. Rd1 e5 23. Re3 Qg6 24. Qh4 Qf6 25. Qg3 Be6 26. Rf3 Qg6 27. Qh4 Qg4 28. Qg3 e4 29.
Re3 Qxd1 30. Qxc7 Qd7 31. Qf4 Bf5 32. Qh4 Ng6 33. Qg5 Rf8 34. c5 Nce5 35. f4 Nd3 36. Rg3 Ndxf4 37. h4 Qd4+ 38. Kh1 Qf6 39. h5 Qxg5 40.
Rxg5 Nxh5 41. Rxh5 Be6 42. Kg1 Rf5 43. Rh3 Rxf1+ 44.
Kxf1 Bxh3 45. gxh3 Nf4 46. Kg1 e3 47. Kh2 Kf7 48.
Kg3 e2 49. Kf2 Ke6 50. Ke1 Kd5 51. h4 Kxc5 52. a3 Kc4 53. b3+ Kxb3 54. h5 Nxh5 55. Kf2 Kxa3 56. Ke1 Kb2 57. Kf2 a5 58. Ke1 b5 59. Kd2 b4 60. Ke1 b3 61. Kd2 a4 62.
Ke1 a3 63. Kf2 g5 64. Ke1 Nf6 65. Kd2 Nd7 66. Ke1 Nb8 67. Kf2 g4 68. Ke1 a2 69.
Kd2 Ka3 70. Ke1 b2 71. Kf2 a1=Q 72. Kg2 b1=Q 73. Kf2 Nc6 74. Ke3 Qc1+ 75. Kf2 Qd4+ 76.
Kg2 Qe4+ 77. Kh2 Qcf4+ 78. Kg1 e1=Q# 0-1